Map: Backwater LE

Players

EpicMuleTime - Winner!

  • Race: Terran Terran
  • League: Diamond
  • Spawn Location: 11:00

A.I. 1 (Very Easy)

  • Race: Protoss Protoss
  • Spawn Location: 5:00

VOD

Have the link to the VOD?

Description

TEST

Time

  • Played on: March 12, 2018, 10:07 p.m.
  • Length: 11:25
Show
View Real Time Build Order
Export as new Build Order

EpicMuleTime Terran - Winner!

Build Orders: Cyclone Opening, Reaper Expand, MMM Bio 

Get SALT Encoding   

  12  0:01  SCV  
  13  0:13  SCV  
  14  0:17  Supply Depot  
  14  0:25  SCV  
  15  0:28  Refinery  
  15  0:39  SCV  
  16  0:46  Barracks  
  16  0:51  SCV  
  17  1:03  SCV  
  18  1:15  SCV  
  19  1:34  Reaper, Orbital Command  
  20  1:45  Command Center  
  20  1:55  Factory  
  20  2:00  SCV  
  21  2:05  Refinery  
  21  2:08  Barracks Reactor  
  21  2:13  SCV  
  22  2:17  Supply Depot  
  22  2:25  SCV  
  23  2:39  SCV  
  23  2:42  Starport  
  24  2:48  Marine x2  
  26  2:51  SCV  
  26  2:56  Cyclone  
  30  3:00  Orbital Command  
  30  3:04  SCV  
  31  3:07  Marine  
  31  3:08  Marine  
  33  3:16  SCV  
  33  3:19  Medivac  
  36  3:25  Marine  
  36  3:26  Marine  
  38  3:28  SCV x2  
  38  3:32  Supply Depot  
  40  3:37  Widow Mine  
  40  3:40  SCV  
  44  3:41  SCV  
  44  3:43  Marine  
  44  3:44  Marine  
  46  3:54  Supply Depot  
  46  3:56  Medivac  
  46  3:57  SCV  
  46  3:58  SCV  
  46  4:01  Marine  
  46  4:02  Marine  
  51  4:09  SCV  
  53  4:10  SCV  
  54  4:17  Supply Depot  
  54  4:19  Barracks  
  54  4:20  Factory Tech Lab  
  54  4:22  SCV  
  55  4:24  Barracks  
  55  4:25  SCV  
  55  4:26  Marine  
  55  4:27  Starport Tech Lab  
  55  4:30  Marine  
  58  4:34  SCV  
  59  4:40  SCV, Engineering Bay  
  59  4:43  Supply Depot  
  60  4:47  SCV  
  61  4:55  Marine, SCV  
  61  4:56  Marine  
  64  5:00  Factory Reactor, SCV  
  64  5:03  Starport Reactor  
  64  5:06  Supply Depot  
  65  5:07  Terran Infantry Weapons Level 1, SCV  
  65  5:12  SCV  
  67  5:17  Marine x2  
  67  5:20  Refinery, SCV  
  70  5:21  Refinery  
  70  5:22  Marine x2  
  70  5:24  Stimpack, Combat Shields  
  70  5:28  SCV  
  73  5:29  Supply Depot  
  73  5:35  Marine, Supply Depot  
  74  5:39  Widow Mine  
  74  5:40  Widow Mine  
  74  5:41  Medivac  
  80  5:48  SCV x2  
  82  5:51  Medivac  
  82  5:55  Command Center  
  84  5:57  Marine x3  
  84  5:58  Marine  
  84  6:02  Supply Depot  
  88  6:05  Widow Mine  
  88  6:09  Widow Mine  
  92  6:14  Supply Depot  
  92  6:19  SCV x2  
  92  6:20  Marine x2  
  92  6:21  Marauder  
  92  6:22  Marauder  
  100  6:26  Medivac x2  
  100  6:30  Supply Depot  
  104  6:33  Widow Mine  
  104  6:37  Supply Depot  
  104  6:39  Widow Mine  
  108  6:40  Marine  
  108  6:43  Concussive Shells  
  108  6:45  Barracks  
  109  6:48  Barracks  
  109  6:51  Marine  
  110  6:56  SCV x2  
  112  7:01  Terran Infantry Armor Level 1  
  112  7:04  Supply Depot  
  112  7:07  Marauder  
  112  7:08  Marine, Supply Depot  
  115  7:09  Marine  
  115  7:14  Orbital Command  
  116  7:21  SCV x2  
  116  7:22  Refinery x2  
  118  7:23  Marine  
  119  7:31  Supply Depot  
  119  7:32  Barracks Reactor  
  119  7:35  Marine  
  119  7:36  Marauder  
  123  7:37  Barracks Tech Lab  
  123  7:39  Widow Mine, Medivac  
  123  7:42  SCV x2  
  123  7:43  SCV  
  129  7:48  Marine  
  129  7:49  Marauder  
  129  7:50  Widow Mine  
  134  7:53  Supply Depot  
  134  7:54  Marine, SCV  
  134  7:57  Marine  
  137  7:58  Liberator  
  137  7:59  Liberator  
  137  8:00  Widow Mine  
  137  8:01  Marine  
  137  8:05  SCV x2  
  144  8:06  Marine  
  144  8:08  Marine x2  
  144  8:10  Marauder  
  144  8:12  Marine  
  150  8:14  Widow Mine  
  156  8:20  Armory  
  156  8:24  Engineering Bay  
  156  8:27  Marine x2, Marauder  
  156  8:31  Widow Mine  
  156  8:33  Marine  
  165  8:34  Marauder  
  165  8:36  Marine, Marauder, SCV  
  165  8:37  SCV x2  
  171  8:44  Marine  
  171  8:45  Marine  
  171  8:48  Supply Depot  
  173  8:49  Marauder  
  173  8:51  Marine, Widow Mine  
  173  8:53  Marine, Barracks  
  181  8:55  Marauder  
  181  9:00  Barracks  
  181  9:01  Supply Depot  
  181  9:03  Marine x2  
  181  9:04  Medivac x2  
  181  9:06  Marine  
  181  9:07  Supply Depot  
  181  9:09  Marine  
  189  9:11  Marine  
  192  9:17  Marauder  
  192  9:19  Terran Ship Weapons Level 1  
  192  9:20  Marine  
  192  9:21  Marine  
  194  9:28  Marine x2  
  194  9:29  Marine, Marauder  
  199  9:37  Marine  
  200  9:50  Command Center  
  200  9:53  Barracks, Barracks Reactor  
  200  9:57  Factory  
  200  10:01  Barracks Tech Lab  
  200  10:03  Ghost Academy  
  200  10:07  Starport  
  200  10:58  Factory Tech Lab  
  200  11:04  Refinery  
  200  11:10  Command Center  
Show
View Real Time Build Order
Export as new Build Order

A.I. 1 (Very Easy) Protoss 

Build Orders:  

Get SALT Encoding   

  12  0:00  Probe  
  13  0:13  Probe  
  14  0:20  Pylon  
  14  0:37  Assimilator  
  14  0:42  Gateway  
  14  0:46  Pylon  
  14  1:13  Assimilator  
  14  1:17  Probe  
  15  1:25  Probe  
  16  1:32  Cybernetics Core  
  16  1:33  Probe  
  17  1:44  Probe  
  18  1:55  Probe  
  18  1:59  Warp Gate  
  19  2:03  Probe  
  20  2:11  Stalker  
  22  5:37  Zealot  
  22  5:38  Probe  
  22  5:39  Pylon  
  22  5:41  Robotics Facility  
  25  5:47  Probe  
  25  5:55  Probe  
  26  6:03  Probe  
  26  6:11  Pylon, Probe  
  27  6:29  Zealot, Observer  
  30  6:50  Observer  
  31  7:13  Nexus  
  31  7:21  Stalker  
  33  8:25  Probe  
  34  8:31  Probe  
  35  8:36  Assimilator  
  35  8:37  Assimilator  
  35  8:38  Probe  
  36  8:43  Probe  
  37  8:50  Probe  
  38  9:01  Probe  
  39  9:08  Probe  
  40  9:15  Probe  
  41  9:19  Probe  
  42  9:26  Probe  
  43  9:37  Probe  
  44  9:44  Probe  
  45  9:51  Probe  
  46  9:59  Probe  
  47  10:06  Probe  
  48  10:14  Zealot  
  44  10:28  Probe  
  41  10:42  Probe  
  22  10:43  Pylon  
  25  10:54  Probe  
  26  10:59  Pylon  
  26  11:02  Robotics Facility  
  21  11:06  Zealot  
Tags
 
Add a new tag
Caveats
  • Supply blocks, unpowered buildings, or Contaminate may cause inaccurate times.
  • Supply counts are checked every 10 seconds.